 Dungeon Crawl Stone Soup version 0.22-a0-877-g5c4e1af (webtiles) character file.

109 prawnwizard the Slasher (level 4, -6/34 HPs)
             Began as a Demonspawn Gladiator on July 29, 2018.
             Mangled by Crazy Yiuf
             ... wielding a +3 quarterstaff of chaos
              (8 damage)
             ... on level 2 of the Dungeon.
             The game lasted 00:01:31 (2464 turns).

prawnwizard the Slasher (Demonspawn Gladiator)      Turns: 2464, Time: 00:01:32

Health: -6/34      AC:  7    Str: 16    XL:     4   Next: 60%
Magic:  4/4        EV: 13    Int:  9    God:
Gold:   78         SH:  0    Dex: 14    Spells: 3/3 levels left

rFire    . . .     SeeInvis .   a - +0 long sword
rCold    . . .     Gourm    .   (no shield)
rNeg     . . .     Faith    .   b - +0 leather armour
rPois    .         Spirit   .   c - +0 helmet
rElec    .         Reflect  .   (no cloak)
rCorr    .         Harm     .   (no gloves)
MR       .....                  i - +0 pair of boots
Stlth    +.........             (no amulet)
HPRegen  0.11/turn              (no ring)
MPRegen  0.09/turn              (no ring)

@: lethally poisoned (-6 -> -14)
A: icy blue scales 1, powered by pain 1
a: no special abilities


You were on level 2 of the Dungeon.
You were very hungry.

You visited 1 branch of the dungeon, and saw 2 of its levels.

You collected 78 gold pieces.

Inventory:

Hand Weapons
 a - a +0 long sword (weapon)
Missiles
 d - 3 throwing nets (quivered)
Armour
 b - a +0 leather armour (worn)
 c - a +0 helmet (worn)
 i - a +0 pair of boots (worn)
Scrolls
 h - a scroll of remove curse {unknown}
 l - a scroll of identify {unknown}
 m - a scroll of enchant armour {unknown}
 n - a scroll of teleportation {unknown}
Potions
 e - a potion of brilliance {unknown}
 g - a potion of invisibility {unknown}
 k - a potion of agility {unknown}
Comestibles
 f - 6 rations


   Skills:
 + Level 2.9 Fighting
 * Level 4.0 Long Blades
 - Level 1.7 Throwing
 + Level 3.3 Dodging


You had 3 spell levels left.
You didn't know any spells.
Your spell library was empty.

Dungeon Overview and Level Annotations

Branches:
Dungeon (2/15)

Altars:
Vehumet

Annotations:
D:2 Crazy Yiuf


Innate Abilities, Weirdness & Mutations

You are partially covered in icy blue scales. (AC +2)
You sometimes gain a little power by taking damage.


Message History

Crazy Yiuf yells, "Proton illywillydillykilly sizzlefizz!"
Crazy Yiuf hits you but does no damage.
You hit Crazy Yiuf but do no damage.
Crazy Yiuf is heavily wounded.
* * * LOW HITPOINT WARNING * * *
You feel sick. Crazy Yiuf closely misses you.
You riposte.
You hit Crazy Yiuf but do no damage.
Crazy Yiuf is heavily wounded.
You slash Crazy Yiuf!
Crazy Yiuf is almost dead.
* * * LOW HITPOINT WARNING * * *
You feel sick.
Crazy Yiuf drinks a potion.
Crazy Yiuf is healed!
You hit Crazy Yiuf but do no damage.
Crazy Yiuf is heavily wounded.
* * * LOW HITPOINT WARNING * * *
You feel sick.
Crazy Yiuf hits you with a quarterstaff of chaos.
* * * LOW HITPOINT WARNING * * *
You are electrocuted!
You die...

..............#
####
...#####......#
#...
...##......####
###..
#.###.#....#
#.... #.#
#.#<#.## #####
#.#..
#.###.###.#
#)..# #....
#.#.....#.#
#...# #.###
#.#.#.#.#(#
#.g.# #..#
#.#.#.#.#.# #@#
##.#
..#.#.#.#.#
#.## #.#
#.#...#.#.#
##.# #.#
#.#####.#.#
#.## #.#
#...รท...#.#
##.# #.#
#########.#
##.## #.# #.#
##...# #.#
####.# #....#
#.# #....#
#....# #.#


You could see Crazy Yiuf.

Vanquished Creatures
  Terence (D:2)
  5 adders (D:2)
  An ooze (D:2)
  3 worms (D:2)
  A giant cockroach (D:1)
  2 goblins
  3 jackals (D:1)
  5 kobolds
  5 bats
  3 rats (D:2)
29 creatures vanquished.

Notes
Turn   | Place    | Note
-------+----------+-------------------------------------------
     0 | D:1      | prawnwizard the Demonspawn Gladiator began the quest for the Orb.
     0 | D:1      | Reached XP level 1. HP: 16/16 MP: 1/1
   560 | D:1      | Reached skill level 3 in Long Blades
   612 | D:1      | Gained mutation: You sometimes gain a little power by taking damage. [demonic ancestry]
   612 | D:1      | Reached XP level 2. HP: 21/22 MP: 2/2
   678 | D:1      | You fall through a shaft!
   975 | D:2      | Noticed Terence
   992 | D:2      | Killed Terence
   992 | D:2      | Reached XP level 3. HP: 15/28 MP: 3/3
  1581 | D:2      | Gained mutation: You are partially covered in icy blue scales. (AC +2) [demonic ancestry]
  1581 | D:2      | Reached XP level 4. HP: 29/34 MP: 4/4
  2064 | D:2      | Found a radiant altar of Vehumet.
  2070 | D:2      | Reached skill level 4 in Long Blades
  2130 | D:2      | Found a runed door.
  2453 | D:2      | Noticed Crazy Yiuf
  2464 | D:2      | Mangled by Crazy Yiuf

Vault maps used:
D:1:      dpeg_arrival_pits
D:2:      lemuel_coloured_pillars_altar, first_ration, minivault_11,
          uniq_crazy_yiuf_cottage, uniq_terence

Skill      XL: |  1  2  3  4 |
---------------+-------------+-----
Long Blades    | 3 4 |  4.0
Dodging        | 3 |  3.3
Fighting       | |  2.9
Throwing       | |  1.7

Action                   |  1- 3 |  4- 6 || total
-------------------------+-------+-------++-------
Melee: Long sword        |    62 |    59 ||   121
 Stab: Sleeping          |     1 |       ||     1
  Eat: Chunk             |     1 |     3 ||     4
Armor: Leather armour    |    17 |    16 ||    33
Dodge: Dodged            |    55 |    44 ||    99
       Rpst.: Long sword |    28 |    18 ||    46

Table legend:
 A = Spawn XP
 B = Non-spawn XP
 C = Spawn XP percentage of total XP
 D = Spawn monster count
 E = Non-spawn monster count
 F = Spawn count percentage of total count
 G = Total turns spent on level
                    A         B        C        D         E        F      G
               +---------+---------+-------+---------+---------+-------+---------
         Total |       0 |     157 |   0.0 |       0 |      29 |   0.0 |  2464
               +---------+---------+-------+---------+---------+-------+---------
           D:1 |       0 |      13 |   0.0 |       0 |       7 |   0.0 |   678
           D:2 |       0 |     144 |   0.0 |       0 |      22 |   0.0 |  1786
               +---------+---------+-------+---------+---------+-------+---------
